 Dungeon Crawl Stone Soup version 0.25-b1-23-ge2ad7d536c (webtiles) character file.

Game seed: 15546438954738093261, levelgen mode: deterministic

18839 HoaS the Grappler (level 12, -1/81 HPs)
             Began as a Gargoyle Berserker on May 30, 2020.
             Was a High Priest of Trog.
             Engulfed by a cloud of freezing vapour (5 damage)
             ... in an ice cave.
             The game lasted 00:32:44 (12814 turns).

HoaS the Grappler (Gargoyle Berserker)             Turns: 12814, Time: 00:32:45

Health: -1/81      AC: 23    Str: 24    XL:     12   Next: 62%
Magic:  12/12      EV:  7    Int:  9    God:    Trog [*****.]
Gold:   1035       SH:  5    Dex: 10    Spells: 11/11 levels left

rFire    x . .     SeeInvis .     - Unarmed
rCold    + . .     Gourm    .   (no shield)
rNeg     + . .     Faith    .   r - +0 plate armour
rPois    ∞         Spirit   .   (no helmet)
rElec    +         Reflect  +   G - +0 cloak
rCorr    .         Harm     .   c - +2 pair of gloves
MR       +....                  (no boots)
Stlth    ..........             j - amulet of reflection
HPRegen  0.23/turn              J - ring of ice
MPRegen  0.13/turn              e - ring of protection from magic

@: no status effects
A: negative energy resistance 1, electricity resistance, unbreathing,
petrification resistance, rot immunity, AC +8
a: Berserk, Trog's Hand, Brothers in Arms, Renounce Religion


You were in an ice cave.
You worshipped Trog.
Trog was extremely pleased with you.
You were hungry.

You visited 2 branches of the dungeon, and saw 13 of its levels.
You also visited: Sewer, Ossuary and Ice Cave.

You collected 1035 gold pieces.

Inventory:

Hand Weapons
 w - a +1 longbow of flaming
Missiles
 f - 247 arrows (quivered)
Armour
 c - a +2 pair of gloves (worn)
 r - a +0 plate armour (worn)
 G - a +0 cloak (worn)
Jewellery
 e - a ring of protection from magic (right hand)
 i - an uncursed ring of positive energy
 j - an amulet of reflection (around neck)
 H - an uncursed ring of fire
 J - a ring of ice (left hand)
Wands
 d - a wand of polymorph (19)
 o - a wand of digging (1)
 y - a wand of clouds (10)
 z - a wand of paralysis (17)
 D - a wand of iceblast (9)
 F - a wand of random effects (18)
Scrolls
 g - 6 scrolls of remove curse
 h - 2 scrolls of enchant armour
 k - 3 scrolls of blinking
 p - 2 scrolls of identify
 t - 3 scrolls of fear
 B - 5 scrolls of teleportation
Potions
 a - 6 potions of curing
 m - 3 potions of heal wounds
 n - 2 potions of invisibility
 q - a potion of degeneration {unknown}
 s - a potion of haste {unknown}
 u - a potion of might {unknown}
 v - 3 potions of resistance
 x - 4 potions of lignification
 A - a potion of ambrosia {unknown}
 C - a potion of berserk rage {unknown}
 E - 2 potions of mutation
Comestibles
 b - 30 rations


   Skills:
 + Level 12.2 Fighting
 * Level 11.7 Bows
 - Level 2.1 Armour
 - Level 1.5 Dodging
 - Level 0.9 Stealth
 + Level 12.7 Unarmed Combat


You had 11 spell levels left.
You didn't know any spells.
Your spell library was empty.

Dungeon Overview and Level Annotations

Branches:
Dungeon (11/15)            Temple (0/1) D:4            Lair (2/6) D:11
  Swamp (0/4) Lair:2          Orc (0/2) D:11          Sewer (visited)
Ossuary (visited)           IceCv (1/1)
  Snake: Lair:2-4    Spider: Lair:2-4

Altars:
Ashenzari
Dithmenos
Elyvilon
Fedhas
Gozag
Hepliaklqana
Kikubaaqudgha
Makhleb
Nemelex Xobeh
Sif Muna
Trog
Uskayaw
Wu Jian
Xom

Shops:
D:4 (   D:6 [   D:8 !(   D:11 %([?[

Annotations:
IceCv exclusion: ice statue


Innate Abilities, Weirdness & Mutations

You are resistant to torment.
Your stone body is resilient. (AC +8)
You are immune to poison.
You resist negative energy. (rN+)
You are resistant to electric shocks. (rElec)
You can survive without breathing.
You are immune to petrification.
You are immune to rotting.


Message History

You hit the ice statue.
The ice statue is almost destroyed.
You are engulfed in freezing vapours.
You resist. The ice statue gestures at you. The bolt of cold hits you!
You resist.
* * * LOW HITPOINT WARNING * * *
The ice statue gestures.
The ice beast hits you but does no damage.
You hit the ice statue.
The ice statue is almost destroyed.
You are engulfed in freezing vapours.
You resist.
* * * LOW HITPOINT WARNING * * *
You punch the ice statue!
You destroy the ice statue!
Trog accepts your kill.
The ice beast disappears in a puff of smoke!
You are engulfed in freezing vapours.
You resist.
* * * LOW HITPOINT WARNING * * *
You are engulfed in freezing vapours.
You resist.
You die...

..............#
..(...........#
...(..⌠.......#
....(.....(...#
.......(.(....#
.....(.(○○...#
......(.°○○..#
#....Y.(°○°.#
##8#....@#?##
##...####
#...## ##...#
##...# #...##
##...##
##.....##
#...∩...#


You could see an ice beast (summoned).

Vanquished Creatures
  Harold (D:11)
  A hydra (D:11)
  3 two-headed ogres
  3 death yaks (D:11)
  An elephant (Lair:1)
  A cyclops (D:10)
  An ice statue (IceCv)
  Maurice (D:11)
  Maggie (D:7)
  3 ice devils (IceCv)
  2 komodo dragons
  A hippogriff (Lair:1)
  A dream sheep (Lair:1)
  A spriggan (D:7)
  A wyvern (D:10)
  17 yaks
  Grum (D:9)
  Sigmund (D:2)
  The ghost of DevastatorOne the Chopper, an amateur MiFi of Okawaru (D:5)
  A wraith (Ossuary)
  A hungry ghost (D:10)
  A soldier ant (D:11)
  A water moccasin (Lair:1)
  5 porcupines
  5 orc warriors
  3 black bears
  2 phantoms
  10 wolves
  7 ogres
  7 centaurs
  2 crocodiles
  14 bullfrogs
  2 scorpions
  6 killer bees
  8 wights
  An electric eel (D:10)
  A howler monkey (D:4)
  5 crimson imps
  A bullfrog zombie (D:7)
  A centaur zombie (D:8)
  2 bullfrog skeletons
  A centaur skeleton (D:5)
  2 hounds
  14 orc priests
  17 orc wizards
  Natasha (thrice) (D:3)
  2 iguanas
  3 worker ants
  2 hound skeletons
  A mummy (Ossuary)
  A howler monkey zombie (D:7)
  9 adders
  A shadow imp (D:8)
  3 adder zombies
  An adder skeleton (D:7)
  3 worms
  A dart slug (D:2)
  6 leopard geckos
  67 orcs
  13 bats
  3 giant cockroaches
  7 goblins
  9 hobgoblins
  4 jackals (D:7)
  2 kobolds
  4 quokkas
  4 ball pythons
  5 frilled lizards
  3 gnoll skeletons (Ossuary)
  2 goblin zombies (D:4)
  A jackal skeleton (D:6)
  10 kobold skeletons (Ossuary)
  12 orc skeletons (Ossuary)
  2 quokka skeletons
  14 rats
  A plant (D:10)
361 creatures vanquished.

Vanquished Creatures (others)
  A fungus (Lair:1)
1 creature vanquished.

Grand Total: 362 creatures vanquished

Notes
Turn   | Place    | Note
-------+----------+-------------------------------------------
     0 | D:1      | HoaS the Gargoyle Berserker began the quest for the Orb.
     0 | D:1      | Reached XP level 1. HP: 14/14 MP: 1/1
    35 | D:1      | Reached XP level 2. HP: 18/19 MP: 2/2
   404 | D:1      | Reached ** piety under Trog
   404 | D:1      | Reached XP level 3. HP: 24/24 MP: 3/3
  1050 | D:2      | Noticed Sigmund
  1063 | D:2      | Killed Sigmund
  1063 | D:2      | Reached skill level 5 in Unarmed Combat
  1063 | D:2      | Reached XP level 4. HP: 26/29 MP: 4/4
  1063 | D:2      | Reached XP level 5. HP: 30/33 MP: 5/5
  1604 | D:2      | Found a shadowy altar of Dithmenos.
  1604 | D:2      | Found a shimmering blue altar of Sif Muna.
  1925 | D:3      | Noticed Natasha
  1938 | D:3      | Killed Natasha
  1938 | D:3      | Reached XP level 6. HP: 27/38 MP: 6/6
  1981 | D:3      | Noticed Natasha
  1993 | D:3      | Killed Natasha
  2047 | D:3      | Noticed Natasha
  2061 | D:3      | Killed Natasha
  2412 | D:3      | Reached *** piety under Trog
  2413 | D:3      | Reached XP level 7. HP: 33/43 MP: 7/7
  3122 | D:4      | Found a sand-covered staircase.
  3136 | Ossuary  | Entered an ossuary
  3136 | Ossuary  | Noticed a wraith
  3136 | Ossuary  | Noticed a wraith
  3136 | Ossuary  | Noticed a wraith
  3246 | Ossuary  | Noticed a wraith
  3284 | Ossuary  | Killed a wraith
  3552 | D:4      | Reached skill level 5 in Fighting
  3728 | D:4      | Found an ancient bone altar of Kikubaaqudgha.
  3756 | D:4      | Found a hazy altar of Hepliaklqana.
  3770 | D:4      | Found a staircase to the Ecumenical Temple.
  3778 | D:4      | Found a burning altar of Makhleb.
  3782 | D:4      | Reached XP level 8. HP: 50/50 MP: 8/8
  4107 | D:4      | Found Jokiesac's Antique Weapon Boutique.
  4183 | D:5      | Entered Level 5 of the Dungeon
  4268 | D:5      | Found a runed translucent gate.
  4350 | D:5      | Found a hide-covered altar of Uskayaw.
  4544 | D:5      | Found a runed translucent gate.
  4545 | D:5      | Found a runed translucent gate.
  4545 | D:5      | Found an opulent altar of Gozag.
  4546 | D:5      | Noticed DevastatorOne's ghost (amateur MiFi)
  4728 | D:5      | Found a glowing drain.
  4753 | Sewer    | Entered a sewer
  4950 | D:5      | Killed DevastatorOne's ghost
  4950 | D:5      | Reached **** piety under Trog
  5114 | D:6      | Found a blossoming altar of Fedhas.
  5144 | D:6      | Found Jezy's Antique Armour Shoppe.
  5421 | D:6      | Reached XP level 9. HP: 50/58 MP: 9/9
  5515 | D:6      | Found a shattered altar of Ashenzari.
  5671 | D:7      | Found a hide-covered altar of Uskayaw.
  5688 | D:7      | Noticed Maggie
  5702 | D:7      | Killed Maggie
  5702 | D:7      | Reached skill level 10 in Unarmed Combat
  5865 | D:7      | Identified a scroll of acquirement
  5953 | D:7      | Reached skill level 1 in Bows
  6217 | D:7      | Found a sparkling altar of Nemelex Xobeh.
  6323 | D:8      | Found Luofen's Weapon Emporium.
  6647 | D:8      | Found an ornate altar of the Wu Jian Council.
  6658 | D:8      | Reached XP level 10. HP: 28/66 MP: 10/10
  6820 | D:8      | Noticed a two-headed ogre
  6828 | D:8      | Killed a two-headed ogre
  6828 | D:8      | Reached skill level 5 in Bows
  7440 | D:8      | Found Hunean's Distillery.
  7908 | D:9      | Found a white marble altar of Elyvilon.
  7968 | D:9      | Found a shimmering altar of Xom.
  8017 | D:9      | Noticed Grum
  8035 | D:9      | Killed Grum
  8050 | D:9      | Reached skill level 10 in Fighting
  8366 | D:9      | Found a bloodstained altar of Trog.
  8375 | D:9      | Reached ***** piety under Trog
  8557 | D:10     | Entered Level 10 of the Dungeon
  8870 | D:10     | Reached XP level 11. HP: 67/73 MP: 11/11
  9491 | D:11     | Noticed a cyclops
  9491 | D:11     | Noticed a two-headed ogre
  9504 | D:10     | Killed a two-headed ogre
  9650 | D:10     | Killed a cyclops
  9760 | D:11     | Found Piwnen's Food Shoppe.
  9788 | D:11     | Noticed Maurice
  9794 | D:11     | Paralysed by Maurice for 4 turns
  9806 | D:11     | Killed Maurice
  9871 | D:11     | Noticed a two-headed ogre
  9874 | D:11     | Killed a two-headed ogre
  9884 | D:11     | Noticed Harold
  9905 | D:11     | Killed Harold
  9975 | D:11     | Noticed a death yak
  9976 | D:11     | Noticed a death yak
  9979 | D:11     | Noticed a death yak
  9987 | D:11     | Killed a death yak
 10006 | D:11     | Killed a death yak
 10012 | D:11     | Killed a death yak
 10015 | D:11     | Reached skill level 10 in Bows
 10057 | D:11     | Reached XP level 12. HP: 47/80 MP: 12/12
 10320 | D:11     | Found a staircase to the Lair.
 10447 | D:11     | Found Teomejy's Antique Armour Shop.
 10450 | D:11     | Found Ippafomod's Antique Armour Shop.
 10457 | D:11     | Found Veduacev's Magic Scroll Boutique.
 10504 | D:11     | Found Niwodeoz's Antique Weapon Shoppe.
 10676 | D:11     | Noticed a five-headed hydra
 10680 | D:11     | Killed a five-headed hydra
 10929 | D:11     | Found a staircase to the Orcish Mines.
 11344 | Lair:1   | Entered Level 1 of the Lair of Beasts
 11513 | Lair:1   | Received a gift from Trog
 12506 | Lair:2   | Found a frozen archway.
 12521 | IceCv    | Entered an ice cave
 12813 | IceCv    | HP: 3/81 [something (7)]
 12814 | IceCv    | Engulfed by a cloud of freezing vapour

Illustrated notes

Levels and vault maps discovered:
D:1:      scummos_arrival_star, layout_rooms
D:2:      layout_loops_corners, gammafunk_temple_overflow_wave,
          serial_bayou_pond_c, uniq_sigmund
D:3:      layout_basic, uniq_natasha
D:4:      layout_basic, makhleb_heckhound_becter, lemuel_round_altar,
          lemuel_crystal_altar, first_ration, serial_shops,
          nicolae_shop_statue_plus, enter_ossuary_4
D:5:      layout_cave_pools, ebering_ghost_gozag, cheibrodos_sewer_entry_bend,
          basic_altar
D:6:      layout_loops_cross, fedhas_altar_1, ashenzari_conservatory_becter,
          serial_shops, shop_fountains, minmay_misc_feat_plants
D:7:      layout_basic, eat_drink_and_be_merry_uskayaw, serial_glass,
          glass_columns_a, glass_columns_c, the_bakery, nrook_mini_vaults,
          nemelex_diamond_rough_becter, uniq_maggie
D:8:      layout_gridville, lemuel_round_altar, serial_shops,
          nicolae_shop_behind_doors, shop, kennysheep_another_room,
          dk_noncrumbling_3
D:9:      layout_rooms, trog_ov_bears_minmay, lemuel_crystal_altar,
          xom_teletrap_fun, minivault_25, uniq_grum
D:10:     layout_loops_cross, serial_bayou_ford_a
D:11:     layout_long_grid, dpeg_lair_monsters, hiddenorc2_lemuel, serial_shops,
          shop, shop, nicolae_shop_window_shopping, shop, kennysheep_mini_moat,
          uniq_maurice, uniq_harold
Lair:1:   layout_concentric_octagons, fungi_pond_lemuel,
          bh_autumn_forest_stairs, minmay_shattered_shrine
Lair:2:   layout_roguey, minmay_swamp_entry_worms,
          portal_ice_cave_entry_pillars_1, bobbens_dragon_lair_wall
IceCv:    ice_cave_tombish

Skill      XL: |  1  2  3  4  5  6  7  8  9 10 11 12 |
---------------+-------------------------------------+-----
Unarmed Combat | 5 6 7 8 9 10 11 12 | 12.7
Fighting       | 4 5 7 9 10 11 12 | 12.2
Bows           | 4 7 10 11 | 11.7
Armour         | |  2.1
Dodging        | |  1.5
Stealth        | |  0.9

Action                   |  1- 3 |  4- 6 |  7- 9 | 10-12 || total
-------------------------+-------+-------+-------+-------++-------
Melee: Unarmed           |   152 |   190 |   371 |   619 ||  1332
       Punch             |     2 |     4 |     9 |    21 ||    36
 Fire: Longbow           |       |       |       |    85 ||    85
Invok: Berserk           |     1 |     1 |     2 |     3 ||     7
       Trog's Hand       |     1 |     1 |     2 |     3 ||     7
  Use: Scroll            |       |       |    18 |     8 ||    26
 Stab: Sleeping          |     2 |       |       |       ||     2
       Distracted        |       |       |       |     1 ||     1
  Eat: Chunk             |     1 |     5 |    13 |    28 ||    47
       Ration            |       |       |     1 |       ||     1
Armor: Animal skin       |    58 |       |       |       ||    58
       Ring mail         |    25 |       |       |       ||    25
       Scale mail        |     5 |     9 |       |       ||    14
       Chain mail        |       |    74 |   245 |    15 ||   334
       Plate armour      |       |       |       |   282 ||   282
Dodge: Dodged            |   123 |    76 |   129 |   163 ||   491
Block: Other             |       |       |    60 |   100 ||   160
       Reflection        |       |       |     7 |     4 ||    11
